cohdb
Replays
Latest Replays
All Replays
Popular Replays
Top Player Replays
Match Explorer
How It Works
Community
CoH3 Stats
Reddit
Sign in to upload your games and track your stats! →
Sign in with Steam
Match 42426066
Unlisted
Match 42426066
Overview
Messages
Build Orders
End
Royal Engineer Section
Selects Heavy Armor Battlegroup
Royal Engineer Section
Construct Field Infirmary
Royal Engineer Section
Royal Engineer Section
Royal Engineer Section
Construct Section Command Post
Construct Platoon Command Post
Unlock M3 Stuart Light Tanks
6-pounder Anti-tank Gun Team
M3 Stuart Light Tank
Selects Engineer Detachments
Selects Light Vehicle Withdraw and Refit
Selects UNKNOWN (202330)
Duptcheck
WadoVice
0
0
Comments
sign in to comment!
No comments posted yet!